 Dungeon Crawl Stone Soup version 0.21.1-1-g345015fe64 (webtiles) character file.

49 KingHarkinian the Covered (level 3, -3/23 HPs)
             Began as a Gargoyle Fighter on Apr 14, 2018.
             Slain by Sigmund
             ... wielding a +0 scythe
              (5 damage)
             ... on level 2 of the Dungeon.
             The game lasted 00:03:38 (1057 turns).

KingHarkinian the Covered (Gargoyle Fighter)        Turns: 1057, Time: 00:03:39

Health: -3/23      AC: 11    Str: 20    XL:     3   Next: 75%
Magic:  12/12      EV:  7    Int:  8    God:
Gold:   136        SH:  9    Dex:  9    Spells: 2/2 levels left

rFire    . . .     SeeInvis .   a - +0 flail
rCold    . . .     Gourm    .   c - +0 shield
rNeg     + . .     Faith    .   b - +0 scale mail
rPois    ∞         Spirit   .   (no helmet)
rElec    +         Reflect  .   (no cloak)
rCorr    .         Harm     .   q - +0 pair of gloves
MR       .....                  (no boots)
Stlth    ..........             (no amulet)
HPRegen  0.07/turn              i - ring of magical power
MPRegen  0.13/turn              (no ring)

@: no status effects
A: negative energy resistance 1, electricity resistance, unbreathing,
petrification resistance, rot immunity, AC +3
a: no special abilities


You were on level 2 of the Dungeon.
You were not hungry.

You visited 1 branch of the dungeon, and saw 2 of its levels.

You collected 136 gold pieces.

Inventory:

Hand Weapons
 a - a +0 flail (weapon)
Missiles
 m - 68 stones (quivered)
Armour
 b - a +0 scale mail (worn)
 c - a +0 shield (worn)
 q - a +0 pair of gloves (worn)
Jewellery
 i - a ring of magical power (left hand)
Scrolls
 e - 4 scrolls of identify {unknown}
 g - 3 scrolls of teleportation {unknown}
 h - a scroll of immolation {unknown}
 n - a scroll of enchant armour {unknown}
 o - 2 scrolls of magic mapping {unknown}
 p - 3 scrolls of remove curse {unknown}
 s - a scroll of fog {unknown}
Potions
 d - 2 potions of might
 j - a potion of resistance {unknown}
 l - a potion of mutation {unknown}
 r - a potion of cancellation {unknown}
Comestibles
 f - 3 rations
 k - 7 chunks of flesh


   Skills:
 + Level 3.5 Fighting
 * Level 2.6 Maces & Flails
 + Level 3.8 Armour
 + Level 0.2 Dodging
 + Level 3.8 Shields


You had 2 spell levels left.
You didn't know any spells.

Dungeon Overview and Level Annotations

Branches:
Dungeon (2/15)

Altars:
Vehumet

Annotations:
D:2 Sigmund


Innate Abilities, Weirdness & Mutations

You are resistant to torment.
Your stone body is resilient. (AC +3)
You are immune to poison.
You resist negative energy. (rN+)
You are resistant to electric shocks. (rElec)
You can survive without breathing.
You are immune to petrification.
You are immune to rotting.


Message History

You hit Sigmund.
Sigmund is lightly wounded.
You closely miss Sigmund.
Sigmund is lightly wounded.
Sigmund closely misses you.
You sock Sigmund!
Sigmund is heavily wounded.
Sigmund casts a spell.
Sigmund flickers and vanishes!
Deactivating autopickup; reactivate with Ctrl-A.
You miss something. Something hits you!
You barely miss something. Something hits you but does no damage.
You miss something. Something hits you!
* * * LOW HITPOINT WARNING * * *
You closely miss something.
You hear some strange, mumbled words.
A puff of flame appears from out of thin air!
The puff of flame hits you!
You miss something. Something hits you.
You die...

#..........##..###.....
#...........###..##########
#.............###..#.......
#.............. ##.'..⌠8⌠..
#.........#...###..#.......
........#.###..##########
###########..### #...###
#@### #{....... ##....>..
##.#### .# #


There were no monsters in sight!

Vanquished Creatures
  An adder (D:2)
  A worm (D:2)
  A leopard gecko (D:2)
  2 giant cockroaches
  5 hobgoblins
  6 jackals
  4 kobolds (D:1)
  3 bats
  A frilled lizard (D:1)
  5 goblins
  4 rats (D:1)
33 creatures vanquished.

Notes
Turn   | Place    | Note
-------+----------+-------------------------------------------
     0 | D:1      | KingHarkinian the Gargoyle Fighter began the quest for the Orb.
     0 | D:1      | Reached XP level 1. HP: 14/14 MP: 1/1
   167 | D:1      | Reached XP level 2. HP: 16/19 MP: 2/2
   813 | D:2      | Found a radiant altar of Vehumet.
   843 | D:2      | Reached XP level 3. HP: 19/23 MP: 3/3
  1043 | D:2      | Noticed Sigmund
  1055 | D:2      | HP: 1/23 [something (7)]
  1057 | D:2      | Slain by Sigmund

Action                   || total
-------------------------++-------
Melee: Flail             ||   138
  Eat: Chunk             ||     1
Armor: Scale mail        ||    66
Dodge: Dodged            ||    43
Block: Shield            ||    80
